 Dungeon Crawl Stone Soup version 0.31-a0-543-geaa9c7a2c0 (webtiles) character file.

Game seed: 3875224331005476923

88 AdnanSaban the Covered (level 4, -1/28 HPs)
             Began as a Gargoyle Fighter on Aug 15, 2023.
             Slain by an ice beast (9 damage)
             ... on level 3 of the Dungeon.
             The game lasted 00:01:57 (2812 turns).

AdnanSaban the Covered (Gargoyle Fighter)           Turns: 2812, Time: 00:01:57

Health: -1/28      AC: 10    Str: 21    XL:     4   Next: 53%
Magic:  4/4        EV:  9    Int:  9    God:
Gold:   163        SH:  4    Dex:  9    Spells: 3/3 levels left

rFire   . . .        a - +0 flail
rCold   . . .        c - +0 buckler
rNeg    + . .        b - +0 scale mail
rPois   ∞            (no helmet)
rElec   +            (no cloak)
rCorr   .            (no gloves)
SInv    .            (no boots)
Will    .....        (no amulet) Stlth
                     (no ring)
HPRegen 0.24/turn    (no ring)
MPRegen 0.09/turn

%: no passive effects
@: no status effects
A: sickness immunity, AC +3, negative energy resistance 1, electricity
resistance, torment resistance 1, petrification resistance
a: no special abilities


You were on level 3 of the Dungeon.
You visited 1 branch of the dungeon, and saw 3 of its levels.

You collected 163 gold pieces.

Inventory:

Hand Weapons
 a - a +0 flail (weapon)
Missiles
 e - 6 poisoned darts
Armour
 b - a +0 scale mail (worn)
 c - a +0 buckler (worn)
Wands
 l - a wand of quicksilver (5)
Scrolls
 f - a scroll of poison {unknown}
 h - a scroll of enchant armour {unknown}
 i - 7 scrolls of identify {unknown}
 n - 3 scrolls of fear {unknown}
 o - a scroll of torment {unknown}
 q - a scroll of noise {unknown}
Potions
 d - a potion of might
 g - 2 potions of brilliance {unknown}
 j - a potion of enlightenment {unknown}
 k - a potion of resistance {unknown}
 m - a potion of attraction {unknown}
 p - a potion of curing {unknown}


   Skills:
 + Level 3.6 Fighting
 + Level 3.0 Maces & Flails
 + Level 4.1 Armour
 + Level 0.8 Dodging
 + Level 0.2 Stealth
 + Level 3.8 Shields


You had 3 spell levels left.
You didn't know any spells.
Your spell library was empty.

Dungeon Overview and Level Annotations

Branches:
Dungeon (3/15)

Altars:

Shops:
D:1 (

Annotations:
D:3 1 runed translucent door


Innate Abilities, Weirdness & Mutations

You are immune to sickness and miasma.
Your stone body is resilient. (AC +3)
You are immune to poison.
You resist negative energy. (rN+)
You are resistant to electric shocks. (rElec)
You are resistant to unholy torment.
You are immune to petrification.


Message History

You are too injured to fight recklessly!
You are too injured to fight recklessly!
You are too injured to fight recklessly!
You are too injured to fight recklessly!
You are too injured to fight recklessly!
You are too injured to fight recklessly!
You are too injured to fight recklessly!
You are too injured to fight recklessly!
You are too injured to fight recklessly!
You are too injured to fight recklessly!
You are too injured to fight recklessly!
You are too injured to fight recklessly!
You are too injured to fight recklessly!
Unknown command.
You barely miss the ice beast.
The ice beast is almost dead.
The ice beast hits you but does no damage.
The endoplasm hits you but does no damage.
You barely miss the ice beast.
The ice beast is almost dead.
The endoplasm freezes you.
You are frozen.
* * * LOW HITPOINT WARNING * * *
The ice beast hits you but does no damage.
You hit the ice beast but do no damage.
The ice beast is almost dead.
The ice beast hits you but does no damage.
You block the endoplasm's attack.
The ice beast hits you but does no damage.
You block the endoplasm's attack.
You hit the ice beast but do no damage.
The ice beast is almost dead.
The endoplasm hits you but does no damage.
The ice beast closely misses you.
You barely miss the ice beast.
The ice beast is almost dead.
The ice beast hits you.
* * * LOW HITPOINT WARNING * * *
The ice beast freezes you!
You die...

#.#. #.# #.### #.#.###
#.# #.... . #.#.#.# #.#
#....
..##...#.###.######..##
..................)...
#......##.#..###....
##.........#..# #....
#.......##.#..# #....
#..Y@...#..#..###....
#......J......#.........
...........#).#..####...
#..#....w..#..#..####.##
........................
#..#....#.##..##.####.##
........... .........†..
...#......## .###.......
##..##.##


You could see an ice beast, a dart slug and an endoplasm.

Vanquished Creatures
  2 adders (D:3)
  A worm (D:2)
  A dart slug (D:1)
  An orc (D:3)
  10 ball pythons
  4 endoplasms
  2 giant cockroaches
  7 goblins
  6 hobgoblins
  2 quokkas
  7 bats
  6 frilled lizards
  10 kobolds
  3 rats
62 creatures vanquished.

Notes
Turn   | Place    | Note
-------+----------+-------------------------------------------
     0 | D:1      | AdnanSaban the Gargoyle Fighter began the quest for the
                  | Orb.
     0 | D:1      | Reached XP level 1. HP: 14/14 MP: 1/1
   213 | D:1      | Reached XP level 2. HP: 19/19 MP: 2/2
   748 | D:1      | Reached XP level 3. HP: 21/23 MP: 3/3
   811 | D:1      | Found Cil Cer's Weapon Shoppe.
  1979 | D:2      | Reached XP level 4. HP: 28/28 MP: 4/4
  2523 | D:3      | Noticed an ice beast
  2763 | D:3      | Reached skill level 4 in Armour
  2767 | D:3      | Found a runed translucent door.
  2812 | D:3      | Slain by an ice beast

Illustrated notes

Levels and vault maps discovered:
D:1:      dpeg_arrival_morbid_curiosity, layout_basic, serial_shops, shop
D:2:      minmay_razor_zed, layout_basic
D:3:      layout_basic, minitemple, ebering_ghost_inner_flame, st_stairs_4,
          uniq_ijyb, uniq_natasha

Skill      XL: |  1  2  3  4 |
---------------+-------------+-----
Maces & Flails | 3 |  3.0
Armour         | 4 |  4.1
Fighting       | |  3.6
Dodging        | |  0.8
Stealth        | |  0.2
Shields        | |  3.8

Action                     |  1- 3 |  4- 6 || total
---------------------------+-------+-------++-------
  Melee: Flail             |   129 |    68 ||   197
 Armour: Scale mail        |    64 |    45 ||   109
  Dodge: Dodged            |    61 |    29 ||    90
  Block: Buckler           |    29 |    20 ||    49

Table legend: (Time is in decaauts)
 A = Elapsed time spent in this place.
 B = Non-inter-level travel time spent in this place.
 C = Inter-level travel time spent in this place.
 D = Time resting spent in this place.
 E = Time spent auto-exploring this place.
 F = Levels seen in this place.
 G = Mean time per level.
                   A        B        C        D        E       F      G
               +--------+--------+--------+--------+--------+-----+--------+
         Total |   2870 |   2669 |    201 |      0 |   2179 |   3 |  956.7 |
       Dungeon |   2870 |   2669 |    201 |      0 |   2179 |   3 |  956.7 |
               +--------+--------+--------+--------+--------+-----+--------+

Top non-repeatable levels by time:
     D:2: 1353 daAuts
     D:1: 1216 daAuts
     D:3: 301 daAuts
